AoeStats
← prontoelpibe

Socotra

506006593Analyzed
4v4 RM · 20d ago on Sep 12, 2026· 21m 40s· 8 players
Game mode
Random Map
Map size
148×148
Population
200
Speed
Normal
Resources
Standard
Victory
Conquest
Starting age
Dark Age
Ending age
Imperial Age
RankedLock teamsTeams togetherTeam positionsShared explorationLock speedFull tech treeHidden civsTurbo modeCheats
Victory
Defeat
🇨🇳 Slavs · China
607
+11
🇵🇪 Persians · Peru
606
+11
🇺🇸 Maya · United States
590
+11
🇺🇾 Celts · Uruguay
503
+14
🇸🇬 Huns · Singapore
544
-14
🇺🇸 Dravidians · United States
474
-11
🇺🇸 Bulgarians · United States
471
-11
🇨🇳 Chinese · China
460
-11
vwSUBLiMiNALwv
12:11 Feudal Age
14:43 Wheelbarrow
15:52 Double-Bit Axe
15:56 Horse Collar
18:21 Man-at-Arms
19:27 Arson
21:55 Gold Mining
bookingtenoone
13:56 Feudal Age
17:25 Horse Collar
17:33 Double-Bit Axe
18:29 Stone Mining
18:30 Gold Mining
Elite Savage
Soldaris
1:13 Loom
2:13 Loom
11:16 Feudal Age
13:17 Wheelbarrow
16:43 Fletching
Gehoee31
0:29 Loom
9:51 Feudal Age
15:04 Man-at-Arms
16:49 Gold Mining
18:30 Arson
22:06 Castle Age
20:34 Fletching
20:37 Horse Collar
20:46 Double-Bit Axe
21:51 Scale Mail Armor
musoq
11:01 Feudal Age
19:58 Castle Age
17:43 Horse Collar
17:53 Double-Bit Axe
prontoelpibe
3:55 Loom
12:45 Feudal Age
13:10 Horse Collar
13:17 Double-Bit Axe
15:19 Gold Mining
20:52 Castle Age
464408627
6:29 Loom
13:02 Feudal Age
13:29 Horse Collar
14:10 Double-Bit Axe
15:48 Gold Mining
18:00 Wheelbarrow
18:14 Stone Mining
17:52 Man-at-Arms
21:19 Bloodlines
23:36 Castle Age
Connection lost

Rejoining the realm…

Still unreachable

The connection could not be restored.

Session expired

The server has moved on; the page needs a fresh start.